 Dungeon Crawl Stone Soup version 0.23-a0-32-g1388f29 (webtiles) character file.

6796 jjfam the Cleaver (level 10, -1/92 HPs)
             Began as a Deep Dwarf Fighter on Aug 4, 2018.
             Was a Believer of Makhleb.
             Slain by a hornet (3 damage)
             ... on level 11 of the Dungeon on Aug 5, 2018.
             The game lasted 00:21:35 (6801 turns).

jjfam the Cleaver (Deep Dwarf Fighter)              Turns: 6801, Time: 00:21:36

Health: -1/92      AC: 20    Str: 23    XL:     10   Next: 76%
Magic:  4/4        EV:  7    Int:  9    God:    Makhleb [**....]
Gold:   616        SH: 12    Dex: 12    Spells: 9/9 levels left

rFire    . . .     SeeInvis .   a - +0 war axe
rCold    . . .     Gourm    .   c - +1 shield
rNeg     . . .     Faith    .   H - +0 plate armour
rPois    .         Spirit   .   (no helmet)
rElec    .         Reflect  .   (no cloak)
rCorr    .         Harm     .   K - +0 pair of gloves
MR       +....                  (no boots)
Stlth    ..........             E - amulet of rage
HPRegen  0.00/turn              A - +4 ring of protection
MPRegen  0.09/turn              p - +1 ring of protection

@: lethally poisoned (-1 -> -1), non-regenerating, slowed, very slow
A: damage resistance, heal wounds, sense surroundings 2, no regeneration
a: Heal Wounds, Minor Destruction, Renounce Religion, Evoke Berserk Rage


You were on level 11 of the Dungeon.
You worshipped Makhleb.
Makhleb was pleased with you.
You were hungry.

You visited 2 branches of the dungeon, and saw 11 of its levels.
You also visited: Sewer.

You collected 616 gold pieces.

Inventory:

Hand Weapons
 a - a +0 war axe (weapon)
Missiles
 r - a javelin (quivered)
Armour
 c - a +1 shield (worn)
 H - a +0 plate armour (worn)
 K - a +0 pair of gloves (worn)
Jewellery
 e - an uncursed ring of protection from cold
 n - an uncursed amulet of guardian spirit
 p - a +1 ring of protection (right hand)
 A - a +4 ring of protection (left hand)
 E - an amulet of rage (around neck)
Wands
 y - a wand of flame (27)
 F - a wand of acid (11)
 I - a wand of iceblast (9)
 J - a wand of polymorph (13)
Scrolls
 b - a scroll of summoning {unknown}
 i - 5 scrolls of teleportation
 l - a scroll of random uselessness
 m - a scroll of identify
 o - 5 scrolls of remove curse
 s - a scroll of amnesia
 t - a scroll of enchant weapon {unknown}
 x - a scroll of enchant armour
 C - a scroll of magic mapping
Potions
 d - 4 potions of might
 g - 2 potions of haste
 h - a potion of mutation
 j - 3 potions of lignification
 k - 4 potions of magic
 q - 7 potions of heal wounds
 u - 6 potions of curing {unknown}
 v - 4 potions of agility {unknown}
 w - 4 potions of flight {unknown}
 z - 2 potions of brilliance {unknown}
 B - 5 potions of degeneration {unknown}
 G - a potion of invisibility {unknown}
 L - a potion of ambrosia {unknown}
Comestibles
 f - 19 rations


   Skills:
 + Level 6.5 Fighting
 + Level 11.9 Axes
 + Level 2.1 Throwing
 + Level 8.0 Armour
 + Level 4.4 Dodging
 - Level 0.2 Stealth
 + Level 7.9 Shields
 + Level 0.8 Evocations


You had 9 spell levels left.
You didn't know any spells.
Your spell library contained the following spells:

 Spells                   Type           Power        Failure   Level  Hunger
 Fireball                 Conj/Fire      #.........   100%        5    ######.
 Conjure Flame            Conj/Fire      #.......     100%        3    ####...
 Confuse                  Hex            #.......     100%        3    ####...
 Throw Flame              Conj/Fire      #.....       100%        2    ###....
 Animate Dead             Necr           N/A          100%        4    #####..
 Pain                     Necr           #...         100%        1    ##.....
 Animate Skeleton         Necr           N/A          100%        1    ##.....
 Vampiric Draining        Necr           #.........   100%        3    ####...
 Sticky Flame             Conj/Fire      #.......     100%        4    #####..
 Regeneration             Chrm/Necr      #.........   100%        3    ####...
 Tukima's Dance           Hex            #.......     100%        3    ####...
 Flame Tongue             Conj/Fire      #....        100%        1    ##.....
 Ensorcelled Hibernation  Hex/Ice        #.....       100%        2    ###....
 Corona                   Hex            #......      100%        1    ##.....
 Inner Flame              Hex/Fire       #.......     100%        3    ####...
 Dazzling Spray           Conj/Hex       #.....       100%        3    ####...


Dungeon Overview and Level Annotations

Branches:
Dungeon (11/15)            Temple (1/1) D:5             Orc (0/2) D:10
   Lair: D:8-11

Altars:
Cheibriados
Elyvilon
Gozag
Makhleb
Nemelex Xobeh
Qazlal
Ru
Sif Muna
Trog
Uskayaw
Vehumet
Xom
Yredelemnul
Zin
The Shining One

Shops:
D:4 (??*

Annotations:
D:3 2 transporters, mhoghedin's ghost, amateur KoCj


Innate Abilities, Weirdness & Mutations

You are resistant to damage.
You can heal yourself by infusing magical energy.
You passively map the area around you.
You do not regenerate.


Message History

The hornet stings you.
* * * LOW HITPOINT WARNING * * *
You feel yourself slow down. You block the hornet's attack.
You miss the hornet.
The hornet is severely wounded.
You closely miss something.
You feel yourself speed up. Something hits you but does no damage.
The hornet stings you.
You are more poisoned.
You feel yourself slow down. You block the hornet's attack.
You slash the hornet!
The hornet is almost dead.
You feel yourself speed up. Something hits you but does no damage.
The hornet stings you.
* * * LOW HITPOINT WARNING * * *
You feel yourself slow down. You block the hornet's attack.
You miss the hornet.
The hornet is almost dead.
Something hits you but does no damage. The hornet stings you.
You die...

, * #... * * * , , , #..#
..# * , * * * #..# ..# *
,, * , *,* #..# ..# , ,
,, * #(.# ..# ,# ,
##.###..# y.###.#
................# ......#
.........[.###..##......#
........#..# #..@y......#
........#..# #.....####.#
........#..# #..#..#
........#..# #<.#..#
........#..# #.(#..#
...)....#..###(.#..#
..÷[÷)..........#..# *
................#..# *
............##..# *


You could see a hornet.

Vanquished Creatures
  2 two-headed ogres
  A cyclops (D:10)
  A gargoyle (D:8)
  A hippogriff (D:11)
  4 hogs (D:7)
  Eustachio (D:6)
  9 yaks
  A human (D:7)
  A hungry ghost (D:8)
  Menkaure (D:5)
  Duvessa (D:4)
  2 ice beasts
  An orc warrior (D:11)
  A necrophage (D:5)
  A centaur (D:10)
  6 ogres
  A big kobold (D:8)
  Dowan (D:4)
  A water moccasin skeleton (D:6)
  A scorpion (D:10)
  A howler monkey (D:2)
  A centaur zombie (D:10)
  4 crimson imps
  A bullfrog skeleton (D:4)
  6 hounds
  2 orc priests
  A centaur skeleton (D:10)
  A gnoll shaman (D:6)
  2 iguanas
  5 orc wizards
  4 worker ants
  3 gnolls (D:6)
  8 adders
  A shadow imp (D:8)
  3 worms
  A dart slug (D:3)
  5 leopard geckos
  16 orcs
  7 ball pythons
  9 giant cockroaches
  4 hobgoblins
  11 jackals
  22 kobolds
  2 quokkas
  7 bats
  8 frilled lizards
  2 giant cockroach zombies
  5 goblins
  9 rats
189 creatures vanquished.

Notes
Turn   | Place    | Note
-------+----------+-------------------------------------------
     0 | D:1      | jjfam the Deep Dwarf Fighter began the quest for the Orb.
     0 | D:1      | Reached XP level 1. HP: 20/20 MP: 1/1
   176 | D:1      | Reached XP level 2. HP: 27/27 MP: 2/2
   875 | D:2      | Noticed a howler monkey
   880 | D:2      | Killed a howler monkey
   880 | D:2      | Reached skill level 3 in Axes
   880 | D:2      | Reached XP level 3. HP: 34/34 MP: 3/3
  1008 | D:2      | Reached XP level 4. HP: 40/42 MP: 4/4
  1613 | D:3      | Reached skill level 1 in Dodging
  1798 | D:3      | Found a glowing drain.
  1813 | Sewer    | Entered a sewer
  1936 | Sewer    | Reached XP level 5. HP: 40/49 MP: 0/5
  2220 | D:3      | Reached skill level 4 in Axes
  2376 | D:3      | Found a transporter.
  2376 | D:3      | Noticed mhoghedin's ghost (amateur KoCj)
  2377 | D:3      | Found a transporter.
  2377 | D:3      | Noticed an ogre
  2377 | D:3      | Noticed an ogre
  2380 | D:3      | Noticed an ogre
  2478 | D:4      | Found Nedwozon's Magic Scroll Boutique.
  2492 | D:4      | Found Omytonk's Magic Scroll Boutique.
  2554 | D:4      | Found a radiant altar of Vehumet.
  2728 | D:4      | Reached XP level 6. HP: 44/56 MP: 0/5
  2865 | D:4      | Found Foemavop's Antique Weapon Boutique.
  2908 | D:4      | Noticed Duvessa
  2908 | D:4      | Noticed Dowan
  2916 | D:4      | Killed Duvessa
  2916 | D:4      | Reached skill level 5 in Axes
  2928 | D:4      | Killed Dowan
  3009 | D:4      | Found Ynerch's General Store.
  3202 | D:5      | Entered Level 5 of the Dungeon
  3302 | D:5      | Noticed Menkaure
  3309 | D:5      | Killed Menkaure
  3309 | D:5      | Reached skill level 5 in Shields
  3309 | D:5      | Reached XP level 7. HP: 43/62 MP: 0/6
  3316 | D:5      | Reached skill level 6 in Axes
  3462 | D:5      | Found a deep blue altar of Sif Muna.
  3565 | D:5      | Found a sacrificial altar of Ru.
  3601 | D:5      | Found a staircase to the Ecumenical Temple.
  3619 | Temple   | Entered the Ecumenical Temple
  3672 | Temple   | Became a worshipper of Makhleb the Destroyer
  3925 | D:6      | Reached skill level 7 in Axes
  3925 | D:6      | Reached XP level 8. HP: 55/72 MP: 0/6
  3929 | D:6      | Reached skill level 5 in Armour
  4112 | D:6      | Noticed a two-headed ogre
  4132 | D:6      | Killed a two-headed ogre
  4132 | D:6      | Reached skill level 5 in Fighting
  4132 | D:6      | Reached skill level 9 in Axes
  4192 | D:6      | Gained mutation: You passively map the area around you. [Deep Dwarf growth]
  4192 | D:6      | Reached XP level 9. HP: 63/81 MP: 0/5
  4247 | D:6      | Noticed Eustachio
  4265 | D:6      | Killed Eustachio
  4780 | D:7      | Reached skill level 1 in Throwing
  4797 | D:7      | Reached * piety under Makhleb
  5415 | D:8      | Noticed a gargoyle
  5423 | D:8      | Killed a gargoyle
  5423 | D:8      | Reached skill level 10 in Axes
  5885 | D:8      | Noticed a two-headed ogre
  5897 | D:8      | Killed a two-headed ogre
  5897 | D:8      | Reached XP level 10. HP: 91/91 MP: 5/5
  6089 | D:8      | You fall through a shaft for 3 floors!
  6120 | D:11     | Reached skill level 11 in Axes
  6216 | D:10     | Entered Level 10 of the Dungeon
  6228 | D:10     | Noticed a cyclops
  6252 | D:10     | Killed a cyclops
  6252 | D:10     | Reached ** piety under Makhleb
  6384 | D:10     | Found a staircase to the Orcish Mines.
  6800 | D:11     | HP: 2/92 [hornet (4)]
  6801 | D:11     | Slain by a hornet

Vault maps used:
D:1:      minmay_arrival_up_and_down, corexii_leaking_fountain
D:3:      gup_sewer_entry_bubbles, gammafunk_ghost_smash
D:4:      serial_shops, shop, nicolae_shop_waterfront, shop, shop,
          vehumet_altar_wand_db, uniq_duvessa
D:5:      kennysheep_mini_moat, nicolae_ru_the_path_less_chosen,
          minmay_temple_entry_statues_pillars, first_ration, uniq_menkaure
D:6:      corner_web_ring, uniq_eustachio
D:7:      grunt_livestock
D:8:      minitemple
D:10:     orc_0_dummy, minmay_sticks_and_stones
D:11:     dpeg_oklobed_lair, serial_bayou_pond_c
Temple:   dshaligram_water_room_temple
Sewer:    kennysheep_pipe_town

Skill      XL: |  1  2  3  4  5  6  7  8  9 10 |
---------------+-------------------------------+-----
Fighting       | 3 4 5 6 |  6.5
Axes           | 3 4 5 7 9 10 11 | 11.9
Dodging        | 1 2 3 4 |  4.4
Shields        | 4 5 6 7 |  7.9
Armour         | 4 5 7 8 |  8.0
Throwing       | 1 2 |  2.1
Stealth        | |  0.2
Evocations     | |  0.8

Action                   |  1- 3 |  4- 6 |  7- 9 | 10-12 || total
-------------------------+-------+-------+-------+-------++-------
Melee: War axe           |    92 |   251 |   216 |   174 ||   733
Throw: Javelin           |       |     8 |    24 |     6 ||    38
 Abil: Heal Wounds       |       |     4 |    13 |     6 ||    23
       Evoke Berserk Rag |       |       |     1 |       ||     1
  Use: Scroll            |       |       |       |    13 ||    13
  Eat: Chunk             |       |     9 |     7 |     2 ||    18
       Ration            |       |       |     2 |       ||     2
Armor: Scale mail        |    38 |   113 |    88 |       ||   239
       Plate armour      |       |       |       |   144 ||   144
       Ring mail         |       |       |       |    36 ||    36
Dodge: Dodged            |    20 |    81 |   117 |    85 ||   303
Block: Shield            |    55 |   162 |   137 |   153 ||   507

Table legend:
 A = Spawn XP
 B = Non-spawn XP
 C = Spawn XP percentage of total XP
 D = Spawn monster count
 E = Non-spawn monster count
 F = Spawn count percentage of total count
 G = Total turns spent on level
                    A         B        C        D         E        F      G
               +---------+---------+-------+---------+---------+-------+---------
         Total |       0 |    9709 |   0.0 |       0 |     189 |   0.0 |  6801
               +---------+---------+-------+---------+---------+-------+---------
           D:1 |       0 |      28 |   0.0 |       0 |      15 |   0.0 |   847
           D:2 |       0 |      90 |   0.0 |       0 |      17 |   0.0 |   760
           D:3 |       0 |     124 |   0.0 |       0 |      28 |   0.0 |   641
           D:4 |       0 |     397 |   0.0 |       0 |      15 |   0.0 |   781
           D:5 |       0 |     559 |   0.0 |       0 |      14 |   0.0 |   511
           D:6 |       0 |    2052 |   0.0 |       0 |      23 |   0.0 |   915
           D:7 |       0 |    1043 |   0.0 |       0 |       8 |   0.0 |   729
           D:8 |       0 |    1916 |   0.0 |       0 |      15 |   0.0 |   477
          D:10 |       0 |    2103 |   0.0 |       0 |      18 |   0.0 |   473
          D:11 |       0 |    1364 |   0.0 |       0 |      12 |   0.0 |   239
         Sewer |       0 |      33 |   0.0 |       0 |      24 |   0.0 |   295
               +---------+---------+-------+---------+---------+-------+---------
